AAA
WINNIPEG GOLDEYES @ RENO ACES
08/10/2052
 
TOP OF THE 1ST
Sacramento River Cats batting - Pitching for Nashville Sounds : LHP Rodell Simon
Pitching: LHP Rodell Simon
Batting: RHB Jose Valdez 0-0: Fly out, F9 (Flyball, 9, EV 88.1 MPH)
Batting: RHB Azrael Ross 0-0: Ball
1-0: Ground out 5-3 (Groundball, 56, EV 86.2 MPH)
Batting: SHB Carlo Bernoldi 0-0: Called Strike
0-1: Ball
1-1: Ball
2-1: Fly out, F8 (Flyball, 89D, EV 108.8 MPH)
Top of the 1st over - 0 runs, 0 hits, 0 errors, 0 left on base; Sacramento 0 - Nashville 0
BOTTOM OF THE 1ST
Nashville Sounds batting - Pitching for Sacramento River Cats : RHP Andres Aleman
Pitching: RHP Andres Aleman
Batting: LHB Jose Righini 0-0: Called Strike
0-1: Swinging Strike
0-2: Ball
1-2: Foul Ball, location: 2F
1-2: Strikes out looking
Batting: RHB Kevin Moseley 0-0: Ball
1-0: Ball
2-0: Ball
3-0: Called Strike
3-1: Foul Ball, location: 2F
3-2: Strikes out swinging
Batting: LHB Dylan Elmore 0-0: Ball
1-0: Called Strike
1-1: Foul Ball, location: 2F
1-2: Ball
2-2: Ball
3-2: Ground out 4-3 (Groundball, 4S, EV 68.8 MPH)
Bottom of the 1st over - 0 runs, 0 hits, 0 errors, 0 left on base; Sacramento 0 - Nashville 0
TOP OF THE 2ND
Sacramento River Cats batting - Pitching for Nashville Sounds : LHP Rodell Simon
Batting: RHB Victor Zucker 0-0: Foul Ball, location: 2F
0-1: Fly out, F9 (Flyball, 9, EV 88.8 MPH)
Batting: LHB Alexander Wolfe 0-0: Foul Ball, location: 2F
0-1: Ball
1-1: Fly out, F8 (Flyball, 8LM, EV 78.8 MPH)
Batting: LHB Zane Towne 0-0: DOUBLE (Flyball, 78D, EV 103.8 MPH)
Batting: RHB Mário Ortiz 0-0: Called Strike
0-1: Swinging Strike
0-2: Ball
1-2: Ball
2-2: Ball
Wild Pitch!
Zane Towne to third
3-2: Base on Balls
Batting: RHB Jim Jones 0-0: Ball
1-0: Foul Ball, location: 2F
1-1: Swinging Strike
1-2: Foul Ball, location: 2F
1-2: Foul Ball, location: 2F
1-2: Foul Ball, location: 2F
1-2: Strikes out swinging
Top of the 2nd over - 0 runs, 1 hit, 0 errors, 2 left on base; Sacramento 0 - Nashville 0
BOTTOM OF THE 2ND
Nashville Sounds batting - Pitching for Sacramento River Cats : RHP Andres Aleman
Batting: LHB Paul Whitehouse 0-0: Foul Ball, location: 2F
0-1: Ball
1-1: Ball
2-1: Ball
3-1: Swinging Strike
3-2: Base on Balls
Batting: LHB Ben Lewis 0-0: Ball
1-0: Ball
2-0: Fly out, F7 (Line Drive, 7D, EV 108.1 MPH)
Batting: RHB Jimmy Green 0-0: Ball
1-0: Ball
2-0: Called Strike
2-1: Foul Ball, location: 2F
2-2: Fly out, F9 (Line Drive, 9, EV 93.1 MPH)
Batting: SHB Syd Cooke 0-0: Ball
1-0: Swinging Strike
1-1: Foul Ball, location: 2F
1-2: Ball
2-2: Foul Ball, location: 2F
2-2: Foul Ball, location: 2F
2-2: Ball
3-2: Base on Balls
Paul Whitehouse to second
Batting: RHB Aaron Cuevas 0-0: Called Strike
0-1: Ball
1-1: Ball
2-1: Ball
3-1: Base on Balls
Paul Whitehouse to third
Syd Cooke to second
Batting: RHB Jaden Robertson 0-0: Ball
1-0: Called Strike
1-1: Foul Ball, location: 2F
1-2: Ball
2-2: Foul Ball, location: 2F
2-2: Strikes out looking
Bottom of the 2nd over - 0 runs, 0 hits, 0 errors, 3 left on base; Sacramento 0 - Nashville 0
TOP OF THE 3RD
Sacramento River Cats batting - Pitching for Nashville Sounds : LHP Rodell Simon
Batting: RHB Roderick Luong 0-0: Ball
1-0: Bunt for hit to P - play at first, batter OUT! 1-3
Batting: RHB Jose Valdez 0-0: Ball
1-0: Ball
2-0: Ball
3-0: Called Strike
3-1: Fly out, F9 (Flyball, 9S, EV 85.6 MPH)
Batting: RHB Azrael Ross 0-0: Ball
1-0: Swinging Strike
1-1: Ball
2-1: Fly out, F8 (Flyball, 89D, EV 96.2 MPH)
Top of the 3rd over - 0 runs, 0 hits, 0 errors, 0 left on base; Sacramento 0 - Nashville 0
BOTTOM OF THE 3RD
Nashville Sounds batting - Pitching for Sacramento River Cats : RHP Andres Aleman
Batting: LHB Jose Righini 0-0: Called Strike
0-1: Swinging Strike
0-2: Hit by Pitch
Batting: RHB Kevin Moseley 0-0: Ball
1-0: SINGLE (Groundball, 56S, EV 66.2 MPH) (infield hit)
Jose Righini to second
Batting: LHB Dylan Elmore 0-0: Swinging Strike
0-1: Swinging Strike
0-2: Ball
1-2: Strikes out swinging
Batting: LHB Paul Whitehouse 0-0: Called Strike
Jose Righini steals 3rd base
Kevin Moseley to second
0-1: Foul Ball, location: 2F
0-2: Ball
1-2: Strikes out swinging
Batting: LHB Ben Lewis 0-0: Ball
1-0: Swinging Strike
1-1: Ball
2-1: Ball
3-1: Swinging Strike
3-2: Base on Balls
Batting: RHB Jimmy Green 0-0: Fly out, F8 (Flyball, 8RXD, EV 100.6 MPH)
Bottom of the 3rd over - 0 runs, 1 hit, 0 errors, 3 left on base; Sacramento 0 - Nashville 0
TOP OF THE 4TH
Sacramento River Cats batting - Pitching for Nashville Sounds : LHP Rodell Simon
Batting: SHB Carlo Bernoldi 0-0: Called Strike
0-1: Ball
1-1: Called Strike
1-2: Ball
2-2: Foul Ball, location: 2F
2-2: Ball
3-2: Foul Ball, location: 2F
3-2: Foul Ball, location: 2F
3-2: DOUBLE (Flyball, 89D, EV 105.6 MPH)
Batting: RHB Victor Zucker 0-0: Called Strike
0-1: Foul Ball, location: 2F
0-2: Ball
1-2: Ball
2-2: Ground out 5-3 (Groundball, 56, EV 105.0 MPH)
Batting: LHB Alexander Wolfe 0-0: Called Strike
0-1: Ground out 6-3 (Groundball, 6M, EV 88.1 MPH)
Carlo Bernoldi to third
Batting: LHB Zane Towne 0-0: Foul Ball, location: 2F
0-1: Ball
1-1: Fly out, F8 (Flyball, 8RM, EV 96.2 MPH)
Top of the 4th over - 0 runs, 1 hit, 0 errors, 1 left on base; Sacramento 0 - Nashville 0
BOTTOM OF THE 4TH
Nashville Sounds batting - Pitching for Sacramento River Cats : RHP Andres Aleman
Batting: SHB Syd Cooke 0-0: SINGLE (Groundball, 4MS, EV 66.9 MPH) (infield hit)
Batting: RHB Aaron Cuevas 0-0: Called Strike
0-1: Swinging Strike
0-2: Ball
1-2: Foul Ball, location: 2F
1-2: Ball
2-2: Ball
3-2: SINGLE (Groundball, 6MD, EV 95.0 MPH)
Syd Cooke to second
Batting: RHB Jaden Robertson 0-0: Foul Ball, location: 2F
0-1: Fielders Choice at 2nd, 2-6 (Groundball, 2R, EV 68.8 MPH)
Syd Cooke to third
Batting: LHB Jose Righini 0-0: Ball
1-0: Foul Ball, location: 2F
1-1: Called Strike
1-2: Ball
2-2: Ball
3-2: Base on Balls
Jaden Robertson to second
Batting: RHB Kevin Moseley 0-0: Called Strike
0-1: SINGLE (Groundball, 6D, EV 94.4 MPH)
Syd Cooke scores
Jaden Robertson to third
Jose Righini to second
Batting: LHB Dylan Elmore 0-0: Ball
1-0: Foul Ball, location: 2F
1-1: TRIPLE (Flyball, 89XD, EV 87.5 MPH)
Jaden Robertson scores
Jose Righini scores
Kevin Moseley scores
Batting: LHB Paul Whitehouse 0-0: Called Strike
0-1: Swinging Strike
0-2: Foul Ball, location: 2F
0-2: Ball
1-2: Ball
2-2: Fly out, F8 (Flyball, 8RS, EV 83.8 MPH)
Pitching: LHP David Gandolfi
Batting: LHB Ben Lewis 0-0: Called Strike
0-1: Foul Ball, location: 2F
0-2: Ball
1-2: Fly out, F7 (Flyball, 7D, EV 92.5 MPH)
Bottom of the 4th over - 4 runs, 4 hits, 0 errors, 1 left on base; Sacramento 0 - Nashville 4
TOP OF THE 5TH
Sacramento River Cats batting - Pitching for Nashville Sounds : LHP Rodell Simon
Batting: RHB Mário Ortiz 0-0: Called Strike
0-1: Ball
1-1: Ball
2-1: Foul Ball, location: 2F
2-2: Hit by Pitch
Batting: RHB Jim Jones 0-0: Ball
1-0: Fly out, F8 (Flyball, 8LXD, EV 86.9 MPH)
Batting: RHB Roderick Luong 0-0: Swinging Strike
0-1: Grounds out, U3 (Groundball, 3L, EV 103.1 MPH)
Batting: RHB Jose Valdez 0-0: Called Strike
0-1: Ball
1-1: Swinging Strike
1-2: Ball
2-2: Strikes out swinging
Top of the 5th over - 0 runs, 0 hits, 0 errors, 1 left on base; Sacramento 0 - Nashville 4
BOTTOM OF THE 5TH
Nashville Sounds batting - Pitching for Sacramento River Cats : LHP David Gandolfi
Batting: RHB Jimmy Green 0-0: Called Strike
0-1: Called Strike
0-2: Foul Ball, location: 2F
0-2: Ground out U3 (Groundball, 3, EV 85.6 MPH)
Batting: SHB Syd Cooke 0-0: Foul Ball, location: 2F
0-1: Ball
1-1: Ball
2-1: Ground out 3-1 (Groundball, 34S, EV 71.9 MPH)
Batting: RHB Aaron Cuevas 0-0: Ball
1-0: Foul Ball, location: 2F
1-1: Called Strike
1-2: Ball
2-2: Strikes out swinging
Bottom of the 5th over - 0 runs, 0 hits, 0 errors, 0 left on base; Sacramento 0 - Nashville 4
TOP OF THE 6TH
Sacramento River Cats batting - Pitching for Nashville Sounds : LHP Rodell Simon
Batting: RHB Azrael Ross 0-0: Called Strike
0-1: Foul Ball, location: 2F
0-2: Ball
1-2: Ball
2-2: Ball
3-2: Strikes out looking
Batting: SHB Carlo Bernoldi 0-0: Ball
1-0: Called Strike
1-1: Ball
2-1: Foul Ball, location: 2F
2-2: Fly out, F5 (Flyball, 56D, EV 85.0 MPH)
Batting: RHB Victor Zucker 0-0: Called Strike
0-1: Foul Ball, location: 2F
0-2: Ball
1-2: Foul Ball, location: 2F
1-2: Ball
2-2: Strikes out looking
Top of the 6th over - 0 runs, 0 hits, 0 errors, 0 left on base; Sacramento 0 - Nashville 4
BOTTOM OF THE 6TH
Nashville Sounds batting - Pitching for Sacramento River Cats : LHP David Gandolfi
Batting: RHB Jaden Robertson 0-0: Ball
1-0: Foul Ball, location: 2F
1-1: Foul Ball, location: 2F
1-2: Ball
2-2: Strikes out swinging
Batting: LHB Jose Righini 0-0: Ball
1-0: Ball
2-0: Ground out 6-3 (Groundball, 6, EV 108.8 MPH)
Batting: RHB Kevin Moseley 0-0: Called Strike
0-1: Swinging Strike
0-2: Ground out 4-3 (Groundball, 4, EV 78.8 MPH)
Bottom of the 6th over - 0 runs, 0 hits, 0 errors, 0 left on base; Sacramento 0 - Nashville 4
TOP OF THE 7TH
Sacramento River Cats batting - Pitching for Nashville Sounds : LHP Rodell Simon
Batting: LHB Alexander Wolfe 0-0: Called Strike
0-1: Called Strike
0-2: Foul Ball, location: 2F
0-2: Ball
1-2: Strikes out swinging
Batting: LHB Zane Towne 0-0: Foul Ball, location: 2F
0-1: Ground out 5-3 (Groundball, 56, EV 86.2 MPH)
Batting: RHB Mário Ortiz 0-0: Called Strike
0-1: Ball
1-1: Ball
2-1: Ball
3-1: Base on Balls
Batting: RHB Jim Jones 0-0: Ball
1-0: Foul Ball, location: 2F
1-1: DOUBLE (Groundball, 3L, EV 96.2 MPH)
Mário Ortiz to third
Runner from 3rd tries for Home, SAFE, throw by RF to home
Pitching: LHP Marcelino Valles
Batting: RHB Roderick Luong 0-0: Called Strike
0-1: Foul Ball, location: 2F
0-2: Strikes out looking
Top of the 7th over - 1 run, 1 hit, 0 errors, 1 left on base; Sacramento 1 - Nashville 4
BOTTOM OF THE 7TH
Nashville Sounds batting - Pitching for Sacramento River Cats : LHP David Gandolfi
Batting: LHB Dylan Elmore 0-0: Ground out 4-3 (Groundball, 4, EV 98.8 MPH)
Batting: LHB Paul Whitehouse 0-0: Ball
1-0: Ball
2-0: Fly out, F8 (Flyball, 8LD, EV 94.4 MPH)
Batting: LHB Ben Lewis 0-0: Ball
1-0: Ball
2-0: Foul Ball, location: 2F
2-1: Ball
3-1: DOUBLE (Line Drive, 9LM, EV 105.0 MPH)
Batting: RHB Jimmy Green 0-0: Called Strike
0-1: Ground out 4-3 (Groundball, 4, EV 82.5 MPH)
Bottom of the 7th over - 0 runs, 1 hit, 0 errors, 1 left on base; Sacramento 1 - Nashville 4
TOP OF THE 8TH
Sacramento River Cats batting - Pitching for Nashville Sounds : LHP Marcelino Valles
Batting: RHB Jose Valdez 0-0: Ball
1-0: Foul Ball, location: 2F
1-1: Fly out, F8 (Flyball, 8LM, EV 91.9 MPH)
Batting: RHB Azrael Ross 0-0: Ball
1-0: Swinging Strike
1-1: Ball
2-1: Foul Ball, location: 2F
2-2: Ball
3-2: Base on Balls
Batting: SHB Carlo Bernoldi 0-0: Foul Ball, location: 2F
0-1: Ball
Wild Pitch!
Azrael Ross to second
1-1: Foul Ball, location: 2F
1-2: Foul Ball, location: 2F
1-2: Ball
2-2: Ground out 5-3 (Groundball, 56S, EV 68.8 MPH)
Azrael Ross to third
Batting: RHB Victor Zucker 0-0: Ball
1-0: Swinging Strike
1-1: Fly out, F9 (Line Drive, 9D, EV 91.2 MPH)
Top of the 8th over - 0 runs, 0 hits, 0 errors, 1 left on base; Sacramento 1 - Nashville 4
BOTTOM OF THE 8TH
Nashville Sounds batting - Pitching for Sacramento River Cats : LHP David Gandolfi
Batting: SHB Syd Cooke 0-0: Called Strike
0-1: Ground out 6-3 (Groundball, 6, EV 93.8 MPH)
Batting: RHB Aaron Cuevas 0-0: DOUBLE (Line Drive, 89D, EV 99.4 MPH)
Batting: RHB Jaden Robertson 0-0: Intentional Walk
Batting: LHB Jose Righini 0-0: SINGLE (Line Drive, 56D, EV 103.8 MPH)
Aaron Cuevas to third
Jaden Robertson to second
Batting: RHB Kevin Moseley 0-0: Ball
1-0: Fly out, F8 (Line Drive, 8LS, EV 105.6 MPH)
Runner from 3rd tags up, SCORES, throw by CF
Batting: LHB Dylan Elmore 0-0: Called Strike
0-1: Swinging Strike
0-2: Ball
1-2: Strikes out swinging
Bottom of the 8th over - 1 run, 2 hits, 0 errors, 2 left on base; Sacramento 1 - Nashville 5
TOP OF THE 9TH
Sacramento River Cats batting - Pitching for Nashville Sounds : LHP Marcelino Valles
Batting: LHB Alexander Wolfe 0-0: Swinging Strike
0-1: Foul Ball, location: 2F
0-2: Foul Ball, location: 2F
0-2: Ball
1-2: SOLO HOME RUN (Flyball, 9D, EV 97.5 MPH), Distance : 366 ft
Pitching: RHP Jonathan McEntee
Batting: LHB Zane Towne 0-0: Ball
1-0: Called Strike
1-1: Foul Ball, location: 2F
1-2: Ball
2-2: Strikes out swinging
Pinch Hitting: LHB Alex Moran 0-0: Foul Ball, location: 2F
0-1: Ball
1-1: Ball
2-1: Ball
3-1: Called Strike
3-2: Strikes out swinging
Batting: RHB Jim Jones 0-0: Ball
1-0: Fly out, F8 (Line Drive, 8RD, EV 91.9 MPH)
Top of the 9th over - 1 run, 1 hit, 0 errors, 0 left on base; Sacramento 2 - Nashville 5
Thursday, May 2nd , 2024 - OOTP Baseball 24.11 Build 85